 Dungeon Crawl Stone Soup version 0.32-a0-931-g5a2cda0630 (webtiles) character file.

Game seed: 3663460251923554924

133 equiv the Slasher (level 4, -2/37 HPs)
             Began as a Demigod Gladiator on Apr 14, 2024.
             Slain by a gnoll
             ... wielding a +3 halberd
              (12 damage)
             ... on level 3 of the Dungeon.
             The game lasted 00:05:52 (2445 turns).

equiv the Slasher (Demigod Gladiator)               Turns: 2445, Time: 00:05:53

Health: -2/37      AC: 11    Str: 15    XL:     4   Next: 64%
Magic:  6/6        EV:  4    Int: 10    God:
Gold:   152        SH:  0    Dex: 19    Spells: 3/3 levels left

rFire   . . .        a - +0 long sword
rCold   . . .        (no shield)
rNeg    . . .        j - +0 plate armour
rPois   .            c - +0 helmet
rElec   .            (no cloak)
rCorr   .            (no gloves)
SInv    .            (no boots)
Will    .....        (no amulet) Stlth
                     (no ring)
HPRegen 0.26/turn    (no ring)
MPRegen 0.10/turn

%: no passive effects
@: no status effects
A: high MP 1, forlorn, divine attributes
a: no special abilities


You were on level 3 of the Dungeon.
You visited 1 branch of the dungeon, and saw 3 of its levels.

You collected 152 gold pieces.

Inventory:

Hand Weapons
 a - a +0 long sword (weapon)
 k - a +3 short sword
Missiles
 d - 3 throwing nets
 e - a javelin
 i - 2 poisoned darts (quivered)
Armour
 c - a +0 helmet (worn)
 j - a +0 plate armour (worn)
Scrolls
 b - 2 scrolls of amnesia {unknown}
 f - 3 scrolls of teleportation {unknown}
 l - 3 scrolls of identify {unknown}
Potions
 g - 4 potions of curing {unknown}
 h - 2 potions of berserk rage {unknown}
 m - a potion of lignification {unknown}
 n - a potion of mutation {unknown}
 o - 2 potions of brilliance {unknown}


   Skills:
 + Level 2.6 Fighting
 * Level 3.6 Long Blades
 + Level 2.4 Throwing
 + Level 0.8 Armour
 + Level 3.4 Dodging


You had 3 spell levels left.
You didn't know any spells.
Your spell library contained the following spells:

 Spells                   Type           Power      Damage    Failure   Level
 Ensorcelled Hibernation  Hex/Ice        0%         N/A       100%        2
 Inner Flame              Hex/Fire       0%         N/A       100%        3
 Passwall                 Erth           0%         N/A       100%        3
 Swiftness                Air            0%         N/A       100%        3
 Irradiate                Conj/Alch      0%         3d11      100%        5
 Ignition                 Fire           0%         3d3       100%        8


Dungeon Overview and Level Annotations

Branches:
Dungeon (3/15)

Annotations:
D:3 Jessica


Innate Abilities, Weirdness & Mutations

You have an increased reservoir of magic. (+10% MP)
You shall have no god before yourself.
Your divine heritage dramatically boosts your attributes as you level up.


Message History

The gnoll hits the plant with a +1 flail of protection!
The gnoll attacks as it pursues you! The gnoll barely misses you.
The rat bites the plant.
The plant begins to die.
Jessica the Apprentice Sorceress comes into view.
She is wielding a +0 dagger.
Jessica shouts!
You hit the goblin.
The goblin is moderately wounded.
A nearby plant withers and dies. x2
Jessica casts a spell.
Jessica seems to speed up.
The goblin hits you but does no damage.
The gnoll hits you from afar with a +3 halberd.
The goblin hits you but does no damage. The gnoll barely misses you.
Jessica gestures wildly while chanting.
Jessica blinks!
A nearby plant withers and dies.
The orc hits the plant with a +0 falchion.
The plant begins to die.
The goblin attacks as it pursues you! The goblin hits you but does no damage.
There is a stone staircase leading down here.
You slash the goblin!
You kill the goblin!
Throw: 3 darts (poison)
Press: ? - help, Q - select action, (/) - cycle Shift-Dir - straight line, f - gnoll
Aim: a gnoll, wielding a +0 whip (64% to hit)
You throw a poisoned dart. The poisoned dart hits the gnoll.
The gnoll is poisoned.
The gnoll hits you but does no damage. The gnoll hits you with a +0 whip.
The gnoll hits you with a +3 halberd!
You see here a poisoned dart.
You hit the gnoll.
The gnoll is moderately wounded.
The gnoll hits you but does no damage. The orc hits you with a +0 falchion.
The gnoll hits you but does no damage. The gnoll barely misses you.
You hit the gnoll.
The gnoll is heavily wounded.
The orc barely misses you. The gnoll hits you with a +3 halberd!
* * * LOW HITPOINT WARNING * * *
The gnoll hits you but does no damage.
The gnoll hits you from afar with a +3 halberd!
You die...

.#.#......# #...###..#########
....####..#####...#...........
.#).......##.........#########
.##[##.#.[##....#.#..#
.......#..##..).#.#.###
####......# #..rg...#
..........# ###.g##.#
.########...###.go###.# .#
........)@.# #.# .#
........>#.# #.# .#
....######.# #.# .# ... #.#
#.# .# . ##.###.# .# #....#.#
.###### ####.#.# ......# #.#.#
....#.# #.#.#


You could see 3 gnolls, an orc and a rat.

Vanquished Creatures
  5 adders (D:2)
  2 dart slugs (D:1)
  3 ribbon worms (D:2)
  An orc (D:2)
  5 ball pythons
  4 bats
  6 endoplasms
  5 giant cockroaches
  7 goblins
  10 hobgoblins
  2 jackals (D:2)
  2 quokkas
  6 frilled lizards
  9 kobolds
  5 rats
72 creatures vanquished.

Notes
Turn   | Place    | Note
-------+----------+-------------------------------------------
     0 | D:1      | equiv the Demigod Gladiator began the quest for the Orb.
     0 | D:1      | Reached XP level 1. HP: 17/17 MP: 3/3
   154 | D:1      | Reached XP level 2. HP: 21/24 MP: 4/4
   753 | D:1      | Reached XP level 3. HP: 26/29 MP: 5/5
  1544 | D:2      | Reached XP level 4. HP: 35/37 MP: 6/6
  2427 | D:3      | Noticed Jessica
  2445 | D:3      | Slain by a gnoll

Illustrated notes

Levels and vault maps discovered:
D:1:      scummos_arrival_forest, layout_loops_corners, palyth_stone_intersect
D:2:      minmay_skewed_foursquare, layout_basic, serial_bayou_pond_d
D:3:      layout_basic, shapermc_ecumenical_altar_starsandcircs,
          nicolae_grassy_gnolls, uniq_jessica

Skill      XL: |  1  2 |
---------------+-------+-----
Dodging        | 3 |  3.4
Long Blades    | 3 |  3.6
Throwing       | 2 |  2.4
Fighting       | 2 |  2.6
Armour         | |  0.8

Action                     |  1- 3 |  4- 6 || total
---------------------------+-------+-------++-------
  Melee: Long sword        |   123 |    64 ||   187
  Throw: Dart              |       |     1 ||     1
   Stab: Sleeping          |     2 |       ||     2
 Armour: Leather armour    |    37 |       ||    37
         Plate armour      |    83 |    87 ||   170
  Dodge: Dodged            |    63 |    15 ||    78

Table legend: (Time is in decaauts)
 A = Elapsed time spent in this place.
 B = Non-inter-level travel time spent in this place.
 C = Inter-level travel time spent in this place.
 D = Time resting spent in this place.
 E = Time spent auto-exploring this place.
 F = Levels seen in this place.
 G = Mean time per level.
                   A        B        C        D        E       F      G
               +--------+--------+--------+--------+--------+-----+--------+
         Total |   2492 |   2492 |      0 |     43 |   1541 |   3 |  830.7 |
       Dungeon |   2492 |   2492 |      0 |     43 |   1541 |   3 |  830.7 |
               +--------+--------+--------+--------+--------+-----+--------+

Top non-repeatable levels by time:
     D:1: 1125 daAuts
     D:2: 1010 daAuts
     D:3: 356 daAuts
